| TOP OF THE 1ST |
|
Dayton Dragons batting - Pitching for Hartford Yard Goats : RHP Logan Ramsey
|
|
Pitching: RHP Logan Ramsey
|
|
|
Batting: LHB Kelvin Jones
|
0-0: Ball 1-0: Called Strike 1-1: Swinging Strike 1-2: Ball 2-2: Ball 3-2: Strikes out looking
|
|
Batting: LHB Jeremy Robertson
|
0-0: Ball 1-0: DOUBLE (Groundball, 3L, EV 101.9 MPH)
|
|
Batting: RHB Logan Johnson
|
0-0: Ball 1-0: SINGLE (Line Drive, 3D, EV 95.0 MPH) Jeremy Robertson to third
|
|
Batting: LHB Chris Redhead
|
0-0: Ball 1-0: Ball 2-0: Ground out 4-3 (Groundball, 34D, EV 103.8 MPH) Jeremy Robertson scores Logan Johnson to second
|
|
Batting: SHB Jaivata Mohanty
|
0-0: Foul Ball, location: 2F 0-1: Swinging Strike 0-2: Ball 1-2: Foul Ball, location: 2F 1-2: Ball 2-2: Foul Ball, location: 2F 2-2: Fly out, F7 (Line Drive, 7, EV 95.0 MPH)
|
| Top of the 1st over - 1 run, 2 hits, 0 errors, 1 left on base; Dayton 1 - Hartford 0 |
| BOTTOM OF THE 1ST |
|
Hartford Yard Goats batting - Pitching for Dayton Dragons : RHP Jeremy Whooley
|
|
Pitching: RHP Jeremy Whooley
|
|
|
Batting: RHB Dwane Reed
|
0-0: Ball 1-0: Called Strike 1-1: SOLO HOME RUN (Flyball, 7D, EV 95.6 MPH), Distance : 384 ft
|
|
Batting: SHB Jeff Sorrels
|
0-0: Ball 1-0: Swinging Strike 1-1: Swinging Strike 1-2: Foul Ball, location: 2F 1-2: Ball 2-2: Foul Ball, location: 2F 2-2: Foul Ball, location: 2F 2-2: Strikes out swinging
|
|
Batting: RHB Andy Rayer
|
0-0: Swinging Strike 0-1: Foul Ball, location: 2F 0-2: SINGLE (Groundball, 34D, EV 100.6 MPH)
|
|
Batting: RHB Chris Osting
|
0-0: Called Strike 0-1: Ball 1-1: Called Strike 1-2: Foul Ball, location: 2F 1-2: Strikes out swinging
|
|
Batting: RHB John Stevenson
|
0-0: Ball 1-0: Ball 2-0: Foul Ball, location: 2F 2-1: Swinging Strike 2-2: Foul Ball, location: 2F 2-2: Ball 3-2: DOUBLE (Line Drive, 7LD, EV 109.4 MPH) Andy Rayer to third Andy Rayer scores
|
|
Pinch Runner at 2nd Ken Griffey IV:
|
|
|
Batting: LHB Harry Folsom
|
0-0: Swinging Strike 0-1: Foul Ball, location: 2F 0-2: Ball 1-2: Strikes out swinging
|
| Bottom of the 1st over - 2 runs, 3 hits, 0 errors, 1 left on base; Dayton 1 - Hartford 2 |
| TOP OF THE 2ND |
|
Dayton Dragons batting - Pitching for Hartford Yard Goats : RHP Logan Ramsey
|
|
Now in LF: Ray Insley
|
|
|
Now in CF: Ken Griffey IV
|
|
|
Now in RF: Chris Osting
|
|
|
Batting: RHB Alex Juarez
|
0-0: Swinging Strike 0-1: Ball 1-1: Swinging Strike 1-2: Strikes out looking
|
|
Batting: LHB Elias Posada
|
0-0: Ball 1-0: Ground out 5-3 (Groundball, 56S, EV 83.8 MPH)
|
|
Batting: RHB Alex Villagomez
|
0-0: Ground out 5-3 (Groundball, 56S, EV 85.0 MPH)
|
| Top of the 2nd over - 0 runs, 0 hits, 0 errors, 0 left on base; Dayton 1 - Hartford 2 |
| BOTTOM OF THE 2ND |
|
Hartford Yard Goats batting - Pitching for Dayton Dragons : RHP Jeremy Whooley
|
|
Batting: RHB Bryce Hickman
|
0-0: Ground out 6-3 (Groundball, 6, EV 83.8 MPH)
|
|
Batting: RHB Ray Insley
|
0-0: DOUBLE (Flyball, 8LXD, EV 113.8 MPH)
|
|
Batting: SHB Brad Madden
|
0-0: Ball 1-0: Swinging Strike 1-1: Swinging Strike 1-2: SINGLE (Line Drive, 7S, EV 110.0 MPH) Ray Insley to third Runner from 3rd tries for Home, SAFE, throw by LF to home
|
|
Batting: RHB Dwane Reed
|
0-0: Ball 1-0: Ball 2-0: Swinging Strike 2-1: Swinging Strike 2-2: Strikes out looking
|
|
Batting: SHB Jeff Sorrels
|
0-0: Foul Ball, location: 2F 0-1: Foul Ball, location: 2F 0-2: Ball 1-2: SINGLE (Groundball, 34, EV 102.5 MPH) (infield hit) Brad Madden to second
|
|
Pinch Runner at 1st T.J. Williams:
|
|
|
Batting: RHB Andy Rayer
|
0-0: Ground out 1-3 (Groundball, 13, EV 67.5 MPH)
|
| Bottom of the 2nd over - 1 run, 3 hits, 0 errors, 2 left on base; Dayton 1 - Hartford 3 |
| TOP OF THE 3RD |
|
Dayton Dragons batting - Pitching for Hartford Yard Goats : RHP Logan Ramsey
|
|
Now at 1B: T.J. Williams
|
|
|
Batting: RHB John Hopkins
|
0-0: Bunt for hit to 5S - play at first, batter OUT! 5-3
|
|
Batting: LHB Kelvin Jones
|
0-0: Called Strike 0-1: Foul Ball, location: 2F 0-2: Strikes out looking
|
|
Batting: LHB Jeremy Robertson
|
0-0: Ball 1-0: Called Strike 1-1: Ball 2-1: SINGLE (Line Drive, 8RS, EV 113.1 MPH)
|
|
Batting: RHB Logan Johnson
|
0-0: Ball 1-0: Called Strike Jeremy Robertson is caught stealing 2nd base 2-4
|
| Top of the 3rd over - 0 runs, 1 hit, 0 errors, 0 left on base; Dayton 1 - Hartford 3 |
| BOTTOM OF THE 3RD |
|
Hartford Yard Goats batting - Pitching for Dayton Dragons : RHP Jeremy Whooley
|
|
Batting: RHB Chris Osting
|
0-0: Ball 1-0: Swinging Strike 1-1: Ball 2-1: Foul Ball, location: 2F 2-2: Ball 3-2: Foul Ball, location: 2F 3-2: Base on Balls
|
|
Batting: SHB Ken Griffey IV
|
0-0: Ball 1-0: Called Strike 1-1: Ball 2-1: Swinging Strike 2-2: Foul Ball, location: 2F 2-2: Foul Ball, location: 2F 2-2: Fielders Choice at 2nd, 6-4 (Groundball, 6, EV 78.1 MPH)
|
|
Batting: LHB Harry Folsom
|
0-0: Called Strike Ken Griffey IV is caught stealing 2nd base 2-6 0-1: Called Strike 0-2: Foul Ball, location: 2F 0-2: Ball 1-2: Foul Ball, location: 2F 1-2: Ball 2-2: Ball 3-2: Foul Ball, location: 2F 3-2: Ground out 6-3 (Groundball, 6, EV 78.8 MPH)
|
| Bottom of the 3rd over - 0 runs, 0 hits, 0 errors, 0 left on base; Dayton 1 - Hartford 3 |
| TOP OF THE 4TH |
|
Dayton Dragons batting - Pitching for Hartford Yard Goats : RHP Logan Ramsey
|
|
Batting: RHB Logan Johnson
|
0-0: Ball 1-0: Ball 2-0: Ball 3-0: Called Strike 3-1: Foul Ball, location: 2F 3-2: Base on Balls
|
|
Batting: LHB Chris Redhead
|
0-0: Ball 1-0: Ball 2-0: Ball Wild Pitch! Logan Johnson to second 3-0: Base on Balls
|
|
Batting: SHB Jaivata Mohanty
|
0-0: Foul Ball, location: 2F 0-1: Fly out, F3 (Line Drive, 3L, EV 77.5 MPH)
|
|
Batting: RHB Alex Juarez
|
0-0: 3-RUN HOME RUN (Flyball, 9D, EV 94.4 MPH), Distance : 367 ft
|
|
Batting: LHB Elias Posada
|
0-0: Called Strike 0-1: Called Strike 0-2: Ball 1-2: Strikes out swinging
|
|
Batting: RHB Alex Villagomez
|
0-0: Ball 1-0: Ground out 4-3 (Groundball, 4S, EV 85.0 MPH)
|
| Top of the 4th over - 3 runs, 1 hit, 0 errors, 0 left on base; Dayton 4 - Hartford 3 |
| BOTTOM OF THE 4TH |
|
Hartford Yard Goats batting - Pitching for Dayton Dragons : RHP Jeremy Whooley
|
|
Batting: RHB Bryce Hickman
|
0-0: Swinging Strike 0-1: Ball 1-1: Fly out, F7 (Flyball, 78S, EV 94.4 MPH)
|
|
Batting: RHB Ray Insley
|
0-0: Hit by Pitch
|
|
Batting: SHB Brad Madden
|
0-0: Foul Ball, location: 2F 0-1: Fly out, F8 (Line Drive, 8RM, EV 95.6 MPH)
|
|
Batting: RHB Dwane Reed
|
0-0: Ball 1-0: Called Strike 1-1: Ball 2-1: Fly out, F8 (Line Drive, 8LM, EV 103.8 MPH)
|
| Bottom of the 4th over - 0 runs, 0 hits, 0 errors, 1 left on base; Dayton 4 - Hartford 3 |
| TOP OF THE 5TH |
|
Dayton Dragons batting - Pitching for Hartford Yard Goats : RHP Logan Ramsey
|
|
Batting: RHB John Hopkins
|
0-0: SINGLE (Groundball, 4M, EV 99.4 MPH)
|
|
Batting: LHB Kelvin Jones
|
0-0: Ball 1-0: Foul Ball, location: 2F 1-1: Called Strike John Hopkins steals 2nd base 1-2: Foul Ball, location: 2F 1-2: Ball 2-2: Foul Ball, location: 2F 2-2: Ground out 6-3 (Groundball, 6, EV 87.5 MPH) John Hopkins to third
|
|
Batting: LHB Jeremy Robertson
|
0-0: Ball 1-0: Called Strike 1-1: SINGLE (Groundball, 4MD, EV 96.2 MPH) John Hopkins scores
|
|
Batting: RHB Logan Johnson
|
0-0: Ball Jeremy Robertson steals 2nd base (no throw) 1-0: Ball 2-0: Foul Ball, location: 2F 2-1: Called Strike 2-2: Ball 3-2: Ground out 6-3 (Groundball, 6, EV 97.5 MPH)
|
|
Batting: LHB Chris Redhead
|
0-0: Ball 1-0: Ball Wild Pitch! Jeremy Robertson to third 2-0: Called Strike 2-1: Foul Ball, location: 2F 2-2: Ball 3-2: Foul Ball, location: 2F 3-2: Foul Ball, location: 2F 3-2: 2-RUN HOME RUN (Flyball, 78XD, EV 103.8 MPH), Distance : 408 ft
|
|
Pitching: RHP Saburo Fujimoto
|
|
|
Batting: SHB Jaivata Mohanty
|
0-0: Ball 1-0: Called Strike 1-1: Ball 2-1: Ball 3-1: Base on Balls
|
|
Batting: RHB Alex Juarez
|
0-0: Called Strike 0-1: Ball 1-1: Ball 2-1: Ball Jaivata Mohanty steals 2nd base 3-1: Foul Ball, location: 2F 3-2: Base on Balls
|
|
Batting: LHB Elias Posada
|
0-0: Ball 1-0: Swinging Strike 1-1: Foul Ball, location: 2F 1-2: Ball 2-2: Foul Ball, location: 2F 2-2: Ball 3-2: SINGLE (Groundball, 4M, EV 88.1 MPH) (infield hit) Jaivata Mohanty to third Alex Juarez to second
|
|
Batting: RHB Alex Villagomez
|
0-0: Ball 1-0: Called Strike 1-1: Ball 2-1: Foul Ball, location: 2F 2-2: SINGLE (Line Drive, 34, EV 93.8 MPH) Jaivata Mohanty scores Alex Juarez to third Elias Posada to second Runner from 3rd tries for Home, SAFE, throw by RF to home
|
|
Batting: RHB John Hopkins
|
0-0: Called Strike 0-1: Ball 1-1: Ball 2-1: Ball 3-1: Ground out 4-3 (Groundball, 34, EV 111.9 MPH)
|
| Top of the 5th over - 5 runs, 5 hits, 0 errors, 2 left on base; Dayton 9 - Hartford 3 |
| BOTTOM OF THE 5TH |
|
Hartford Yard Goats batting - Pitching for Dayton Dragons : RHP Jeremy Whooley
|
|
Batting: RHB T.J. Williams
|
0-0: Ball 1-0: Foul Ball, location: 2F 1-1: Foul Ball, location: 2F 1-2: Strikes out swinging
|
|
Pitching: RHP In Bea
|
|
|
Batting: RHB Andy Rayer
|
0-0: Called Strike 0-1: Ball 1-1: Foul Ball, location: 2F 1-2: Ball 2-2: Ground out 6-3 (Groundball, 6, EV 82.5 MPH)
|
|
Batting: RHB Chris Osting
|
0-0: Foul Ball, location: 2F 0-1: Foul Ball, location: 2F 0-2: Ball 1-2: Foul Ball, location: 2F 1-2: Ball 2-2: Foul Ball, location: 2F 2-2: Strikes out swinging
|
| Bottom of the 5th over - 0 runs, 0 hits, 0 errors, 0 left on base; Dayton 9 - Hartford 3 |
| TOP OF THE 6TH |
|
Dayton Dragons batting - Pitching for Hartford Yard Goats : RHP Saburo Fujimoto
|
|
Batting: LHB Kelvin Jones
|
0-0: Swinging Strike 0-1: Ball 1-1: Swinging Strike 1-2: Foul Ball, location: 2F 1-2: Ball 2-2: Ball 3-2: Strikes out looking
|
|
Pitching: RHP Befikadu Mthuthuzeli
|
|
|
Batting: LHB Jeremy Robertson
|
0-0: Ball 1-0: Called Strike 1-1: Swinging Strike 1-2: Foul Ball, location: 2F 1-2: Ball 2-2: Strikes out swinging
|
|
Batting: RHB Logan Johnson
|
0-0: Ball 1-0: Ball 2-0: Ball 3-0: Base on Balls
|
|
Batting: LHB Chris Redhead
|
0-0: Ball 1-0: Ball 2-0: Ball Wild Pitch! Logan Johnson to second 3-0: Base on Balls
|
|
Batting: SHB Jaivata Mohanty
|
0-0: Ball 1-0: Ball 2-0: Called Strike 2-1: Called Strike 2-2: Foul Ball, location: 2F 2-2: Ball 3-2: Ground out 4-3 (Groundball, 4, EV 86.9 MPH)
|
| Top of the 6th over - 0 runs, 0 hits, 0 errors, 2 left on base; Dayton 9 - Hartford 3 |
| BOTTOM OF THE 6TH |
|
Hartford Yard Goats batting - Pitching for Dayton Dragons : RHP In Bea
|
|
Batting: SHB Ken Griffey IV
|
0-0: Called Strike 0-1: DOUBLE (Line Drive, 7LM, EV 103.8 MPH)
|
|
Batting: LHB Harry Folsom
|
0-0: Ball 1-0: Ball 2-0: Ball 3-0: Called Strike 3-1: Base on Balls
|
|
Batting: RHB Bryce Hickman
|
0-0: Fielders Choice at 2nd, 1-6 (Groundball, 13S, EV 65.6 MPH) Ken Griffey IV to third
|
|
Batting: RHB Ray Insley
|
0-0: Ball 1-0: Foul Ball, location: 2F 1-1: Ball 2-1: Foul Ball, location: 2F 2-2: Ball 3-2: SINGLE (Line Drive, 5D, EV 95.6 MPH) Ken Griffey IV scores Bryce Hickman to second
|
|
Batting: SHB Brad Madden
|
0-0: Ball 1-0: Called Strike 1-1: Reached on error, E3 (Groundball, 3, EV 83.8 MPH) Bryce Hickman to third Ray Insley to second
|
|
Batting: RHB Dwane Reed
|
0-0: Ball 1-0: Foul Ball, location: 2F 1-1: SINGLE (Groundball, 34D, EV 103.1 MPH) Bryce Hickman scores Ray Insley to third Brad Madden to second Runner from 3rd tries for Home, SAFE, throw by RF to home
|
|
Pitching: LHP Juan Villegas
|
|
|
Batting: RHB T.J. Williams
|
0-0: Ball 1-0: Ball 2-0: Called Strike 2-1: Swinging Strike 2-2: Fly out, F7 (Flyball, 7, EV 88.1 MPH)
|
|
Batting: RHB Andy Rayer
|
0-0: Fly out, F3 (Line Drive, 3, EV 68.1 MPH)
|
| Bottom of the 6th over - 3 runs, 3 hits, 1 error, 2 left on base; Dayton 9 - Hartford 6 |
| TOP OF THE 7TH |
|
Dayton Dragons batting - Pitching for Hartford Yard Goats : RHP Befikadu Mthuthuzeli
|
|
Pitching: RHP Gorgonio Sigua
|
|
|
Batting: RHB Alex Juarez
|
0-0: Ball 1-0: Ball 2-0: Called Strike 2-1: Foul Ball, location: 2F 2-2: Foul Ball, location: 2F 2-2: Foul Ball, location: 2F 2-2: Strikes out swinging
|
|
Batting: LHB Elias Posada
|
0-0: Called Strike 0-1: Called Strike 0-2: Ball 1-2: DOUBLE (Flyball, 8RXD, EV 113.8 MPH)
|
|
Batting: RHB Alex Villagomez
|
0-0: Ball 1-0: Called Strike 1-1: Ball 2-1: Called Strike 2-2: Foul Ball, location: 2F 2-2: Foul Ball, location: 2F 2-2: Ball 3-2: Foul Ball, location: 2F 3-2: Foul Ball, location: 2F 3-2: SINGLE (Groundball, 4MD, EV 100.6 MPH) Elias Posada to third Runner from 3rd tries for Home, throw by CF and OUT! 8-2 Alex Villagomez to second
|
|
Batting: RHB John Hopkins
|
0-0: SINGLE (Groundball, 56D, EV 103.8 MPH) Alex Villagomez to third Throwing error, E7 Alex Villagomez scores John Hopkins to second
|
|
Batting: LHB Kelvin Jones
|
0-0: Ball 1-0: Called Strike 1-1: Ball 2-1: Ball 3-1: Base on Balls
|
|
Pitching: RHP Zi-cheng Zhou
|
|
|
Batting: LHB Jeremy Robertson
|
0-0: Ball 1-0: Foul Ball, location: 2F 1-1: Ball 2-1: Ball 3-1: Foul Ball, location: 2F 3-2: Ground out 4-3 (Groundball, 4D, EV 108.1 MPH)
|
| Top of the 7th over - 1 run, 3 hits, 1 error, 2 left on base; Dayton 10 - Hartford 6 |
| BOTTOM OF THE 7TH |
|
Hartford Yard Goats batting - Pitching for Dayton Dragons : LHP Juan Villegas
|
|
Pitching: LHP Brian Whittall
|
|
|
Batting: RHB Chris Osting
|
0-0: Called Strike 0-1: Swinging Strike 0-2: Ball 1-2: SINGLE (Line Drive, 4D, EV 94.4 MPH)
|
|
Batting: SHB Ken Griffey IV
|
0-0: Ball 1-0: Called Strike 1-1: Called Strike 1-2: Strikes out swinging
|
|
Batting: LHB Harry Folsom
|
0-0: Ball 1-0: SINGLE (Groundball, 6S, EV 70.0 MPH) (infield hit) Chris Osting to second
|
|
Batting: RHB Bryce Hickman
|
0-0: SINGLE (Groundball, 56D, EV 102.5 MPH) Chris Osting to third Harry Folsom to second
|
|
Batting: RHB Ray Insley
|
0-0: Foul Ball, location: 2F 0-1: Fly out, F9 (Flyball, 9D, EV 100.0 MPH) Runner from 3rd tags up, SCORES, no throw by RF
|
|
Batting: SHB Brad Madden
|
0-0: Ball 1-0: Ball 2-0: Ball 3-0: Called Strike 3-1: Foul Ball, location: 2F 3-2: Reached on error, E5 (Groundball, 56S, EV 61.2 MPH) Harry Folsom scores Bryce Hickman to third
|
|
Batting: RHB Dwane Reed
|
0-0: Ball 1-0: SINGLE (Groundball, 4MD, EV 96.9 MPH) Bryce Hickman scores Brad Madden to third Runner from 3rd tries for Home, SAFE, throw by CF to home Dwane Reed to second
|
|
Pitching: RHP Kevin Larner
|
|
|
Batting: RHB T.J. Williams
|
0-0: Ball 1-0: Swinging Strike 1-1: Foul Ball, location: 2F 1-2: Fly out, F9 (Flyball, 9S, EV 88.1 MPH)
|
| Bottom of the 7th over - 4 runs, 4 hits, 1 error, 1 left on base; Dayton 10 - Hartford 10 |
| TOP OF THE 8TH |
|
Dayton Dragons batting - Pitching for Hartford Yard Goats : RHP Zi-cheng Zhou
|
|
Batting: RHB Logan Johnson
|
0-0: Called Strike 0-1: Foul Ball, location: 2F 0-2: Ball 1-2: Strikes out swinging
|
|
Batting: LHB Chris Redhead
|
0-0: Ball 1-0: Called Strike 1-1: Ball 2-1: Swinging Strike 2-2: Foul Ball, location: 2F 2-2: Ball 3-2: Ground out 6-3 (Groundball, 6, EV 102.5 MPH)
|
|
Batting: SHB Jaivata Mohanty
|
0-0: Foul Ball, location: 2F 0-1: Foul Ball, location: 2F 0-2: Ball 1-2: Ball 2-2: Foul Ball, location: 2F 2-2: Strikes out swinging
|
| Top of the 8th over - 0 runs, 0 hits, 0 errors, 0 left on base; Dayton 10 - Hartford 10 |
| BOTTOM OF THE 8TH |
|
Hartford Yard Goats batting - Pitching for Dayton Dragons : RHP Kevin Larner
|
|
Batting: RHB Andy Rayer
|
0-0: Ball 1-0: Called Strike 1-1: Foul Ball, location: 2F 1-2: Fly out, F8 (Flyball, 8LD, EV 90.0 MPH)
|
|
Batting: RHB Chris Osting
|
0-0: Swinging Strike 0-1: Ball 1-1: Called Strike 1-2: Strikes out swinging
|
|
Batting: SHB Ken Griffey IV
|
0-0: Called Strike 0-1: Called Strike 0-2: Ball 1-2: Foul Ball, location: 2F 1-2: Ground out 4-3 (Groundball, 4, EV 88.8 MPH)
|
| Bottom of the 8th over - 0 runs, 0 hits, 0 errors, 0 left on base; Dayton 10 - Hartford 10 |
| TOP OF THE 9TH |
|
Dayton Dragons batting - Pitching for Hartford Yard Goats : RHP Zi-cheng Zhou
|
|
Pitching: RHP Jerry Dunne
|
|
|
Batting: RHB Alex Juarez
|
0-0: Fly out, F7 (Flyball, 78S, EV 96.2 MPH)
|
|
Batting: LHB Elias Posada
|
0-0: Ball 1-0: Foul Ball, location: 2F 1-1: SINGLE (Groundball, 56D, EV 109.4 MPH)
|
|
Pinch Runner at 1st Toki Takeuchi:
|
|
|
Batting: RHB Alex Villagomez
|
0-0: Called Strike Toki Takeuchi steals 2nd base 0-1: Ball 1-1: Intentional Walk
|
|
Batting: RHB John Hopkins
|
0-0: Called Strike 0-1: Foul Ball, location: 2F 0-2: Ball 1-2: Strikes out looking
|
|
Batting: LHB Kelvin Jones
|
0-0: Swinging Strike 0-1: Foul Ball, location: 2F 0-2: Foul Ball, location: 2F 0-2: Ball Wild Pitch! Toki Takeuchi to third Alex Villagomez to second 1-2: Ball 2-2: Strikes out swinging
|
| Top of the 9th over - 0 runs, 1 hit, 0 errors, 2 left on base; Dayton 10 - Hartford 10 |
| BOTTOM OF THE 9TH |
|
Hartford Yard Goats batting - Pitching for Dayton Dragons : RHP Kevin Larner
|
|
Now in CF: Toki Takeuchi
|
|
|
Batting: LHB Harry Folsom
|
0-0: Ball 1-0: Reached on error, E4 (Groundball, 4, EV 88.1 MPH)
|
|
Batting: RHB Bryce Hickman
|
0-0: Called Strike 0-1: Ball 1-1: Fly out, F9 (Line Drive, 9LS, EV 91.9 MPH)
|
|
Batting: RHB Ray Insley
|
0-0: Called Strike 0-1: Ball 1-1: Foul Ball, location: 2F 1-2: Foul Ball, location: 2F 1-2: Ball 2-2: Foul Ball, location: 2F 2-2: Fielders Choice at 2nd, 6-4 (Groundball, 6, EV 86.2 MPH)
|
|
Batting: SHB Brad Madden
|
0-0: Ball 1-0: Ground out 4-3 (Groundball, 34, EV 104.4 MPH)
|
| Bottom of the 9th over - 0 runs, 0 hits, 1 error, 1 left on base; Dayton 10 - Hartford 10 |
| TOP OF THE 10TH |
|
Dayton Dragons batting - Pitching for Hartford Yard Goats : RHP Jerry Dunne
|
|
Batting: LHB Jeremy Robertson
|
0-0: Called Strike 0-1: Called Strike 0-2: Ground out 4-3 (Groundball, 4, EV 91.9 MPH)
|
|
Pitching: RHP Jonathan Alldritt
|
|
|
Batting: RHB Logan Johnson
|
0-0: Ball 1-0: Called Strike 1-1: Ground out 1-3 (Groundball, 15S, EV 64.4 MPH)
|
|
Batting: LHB Chris Redhead
|
0-0: Ball 1-0: SINGLE (Groundball, 34D, EV 98.1 MPH)
|
|
Batting: SHB Jaivata Mohanty
|
0-0: Foul Ball, location: 2F 0-1: Foul Ball, location: 2F 0-2: Strikes out swinging
|
| Top of the 10th over - 0 runs, 1 hit, 0 errors, 1 left on base; Dayton 10 - Hartford 10 |
| BOTTOM OF THE 10TH |
|
Hartford Yard Goats batting - Pitching for Dayton Dragons : RHP Kevin Larner
|
|
Pitching: LHP Gavrilo Brkic
|
|
|
Batting: RHB Dwane Reed
|
0-0: Hit by Pitch
|
|
Batting: RHB T.J. Williams
|
0-0: Swinging Strike 0-1: Swinging Strike 0-2: Ball 1-2: Strikes out swinging
|
|
Batting: RHB Andy Rayer
|
0-0: Ball 1-0: Called Strike 1-1: Swinging Strike 1-2: Ball 2-2: 2-RUN HOME RUN (Flyball, 7D, EV 96.9 MPH), Distance : 374 ft
|
| Bottom of the 10th over - 2 runs, 1 hit, 0 errors, 0 left on base; Dayton 10 - Hartford 12 |
|